 Seeded DCSS version 0.28-a0-312-gbced6e68ee (webtiles) character file.

Game seed: 7704828258330008827 (custom seed)

273 voltaire321 the Ducker (level 6, -3/48 HPs)
             Began as a Merfolk Gladiator on Aug 31, 2021.
             Slain by Edmund (10 damage)
             ... on level 4 of the Dungeon.
             The game lasted 00:07:15 (2796 turns).

voltaire321 the Ducker (Merfolk Gladiator)          Turns: 2796, Time: 00:07:15

Health: -3/48      AC:  4    Str: 15    XL:     6   Next: 23%
Magic:  6/6        EV: 14    Int:  7    God:
Gold:   779        SH:  0    Dex: 17    Spells: 5/5 levels left

rFire   . . .      SeeInvis .   g - +9 sword of Zonguldrok {reap}
rCold   + . .      Faith    .   (no shield)
rNeg    . . .      Spirit   .   b - +0 leather armour
rPois   .          Reflect  .   c - +0 helmet
rElec   .          Harm     .   (no cloak)
rCorr   .          Rampage  .   (no gloves)
Will    .....                   (no boots)
Stlth   +.........              (no amulet)
HPRegen 0.16/turn               l - ring of protection from cold
MPRegen 0.10/turn               (no ring)

@: no status effects
A: (nimble swimmer 2), mertail
a: no special abilities


You were on level 4 of the Dungeon.
You visited 1 branch of the dungeon, and saw 5 of its levels.

You collected 905 gold pieces.
You spent 126 gold pieces at shops.

Inventory:

Hand Weapons
 a - a +1 long sword of flaming
 g - the +9 sword of Zonguldrok (weapon) {reap}
   (You acquired it on level 1 of the Dungeon)

   Any living foe damaged by it may be reanimated upon death as a zombie
   friendly to the wielder, with an increasing chance as more damage is dealt.
Missiles
 d - 3 throwing nets
 i - 21 poisoned darts
 n - 5 curare-tipped darts (quivered)
Armour
 b - a +0 leather armour (worn)
 c - a +0 helmet (worn)
Jewellery
 l - a ring of protection from cold (left hand)
Potions
 f - a potion of degeneration {unknown}
 h - 2 potions of curing
 j - 2 potions of attraction {unknown}
 k - a potion of flight {unknown}
 m - a potion of might
 o - a potion of heal wounds


   Skills:
 + Level 3.8 Fighting
 + Level 4.5 Long Blades
 + Level 2.6 Throwing
 + Level 1.8 Armour
 + Level 5.4 Dodging


You had 5 spell levels left.
You didn't know any spells.
Your spell library was empty.

Dungeon Overview and Level Annotations

Branches:
Dungeon (5/15)
 Temple: D:4-7

Altars:
Trog

Shops:
D:1 :   D:5 !

Annotations:
D:4 Edmund


Innate Abilities, Weirdness & Mutations

((You are quick and stealthy near water. (Stealth+, EV+, Speed+++)))
Your lower body shifts to a powerful aquatic tail in water.


Message History

You kill the rat!
A nearby plant withers and dies.
An orc comes into view. It is wielding a +0 whip.
You fall into a shaft and drop 2 floors!
The shaft crumbles and collapses.
Found Oshon's Distillery.
Found a stone staircase leading up.
There is an entrance to Oshon's Distillery here.
m - a potion of might;
o - a potion of heal wounds Thank you for shopping at Oshon's Distillery!
As you read the scroll labelled GUNGOITTETH, it crumbles to dust.
It is a scroll of enchant weapon.
Your +0 long sword of flaming glows red for a moment.
There is a stone staircase leading up here.
You climb upwards.
Found a hand axe.
Found a stone staircase leading up.
There is a stone staircase leading down here.
Throw: 6 darts (curare)
Press: ? - help, Q - select action, (/) - cycle Shift-Dir - straight line, f - Edmund
Aim: Edmund, wielding a +2 dire flail of holy wrath and wearing a +0 chain mail (69% to hit)
You throw a curare-tipped dart. The curare-tipped dart hits Edmund.
Edmund is poisoned.
Edmund convulses.
Edmund seems to slow down.
Edmund is moderately wounded.
Found a fizzy grey potion.
Edmund drinks a potion.
Edmund seems to speed up.
Edmund says, "A flail is better than a scythe, any day of the week!"
Edmund misses you.
You slash Edmund!
Edmund is severely wounded.
Edmund hits you with a +2 dire flail of holy wrath!
You slash Edmund!
Edmund is almost dead.
Edmund hits you with a +2 dire flail of holy wrath! x2
You hit Edmund.
Edmund is almost dead.
Edmund hits you with a +2 dire flail of holy wrath!
* * * LOW HITPOINT WARNING * * *
You barely miss Edmund.
Edmund is almost dead.
Edmund hits you with a +2 dire flail of holy wrath!
You die...

#.. .....#
..#.....# .......##
#.#.....# #
#.......# .#
...###>).....##..#
#.................
..<................
##.###.....@@.(..#
.. ##.......####
..........##
####.#...## #.#####
#. #.


You could see Edmund (fast, poisoned, slow).

Vanquished Creatures
  2 orc priests (D:3)
  An orc wizard (D:3)
  Robin (D:2)
  8 adders
  2 worms
  2 dart slugs
  7 orcs (D:3)
  7 endoplasms
  A giant cockroach (D:1)
  18 goblins
  6 hobgoblins
  2 quokkas
  11 ball pythons
  6 bats
  4 frilled lizards
  2 kobolds
  12 rats
92 creatures vanquished.

Vanquished Creatures (collateral kills)
  2 bats (D:1)
  A goblin (D:3)
3 creatures vanquished.

Vanquished Creatures (others)
  2 plants (D:3)
2 creatures vanquished.

Grand Total: 97 creatures vanquished

Notes
Turn   | Place    | Note
-------+----------+-------------------------------------------
     0 | D:1      | voltaire321 the Merfolk Gladiator began the quest for the
                  | Orb.
     0 | D:1      | Reached XP level 1. HP: 16/16 MP: 1/1
    58 | D:1      | Identified a scroll of acquirement
    58 | D:1      | Acquired the +9 sword of Zonguldrok {reap}
    58 | D:1      | Found the +9 sword of Zonguldrok {reap}
    82 | D:1      | Found Iveklaap's Book Emporium.
   100 | D:1      | Reached XP level 2. HP: 21/23 MP: 2/2
   389 | D:1      | Reached XP level 3. HP: 28/28 MP: 3/3
   757 | D:2      | Noticed Robin
   950 | D:1      | Reached skill level 1 in Armour
  1049 | D:1      | Reached XP level 4. HP: 24/35 MP: 4/4
  1246 | D:2      | Killed Robin
  1759 | D:2      | Reached skill level 5 in Dodging
  1790 | D:2      | Reached XP level 5. HP: 38/41 MP: 5/5
  2062 | D:3      | Acquired 770 gold pieces
  2334 | D:3      | Reached XP level 6. HP: 31/48 MP: 6/6
  2488 | D:3      | Found a faded altar of an unknown god.
  2533 | D:3      | Found a bloodstained altar of Trog.
  2764 | D:3      | You fall into a shaft and drop 2 floors!
  2764 | D:5      | Entered Level 5 of the Dungeon
  2764 | D:5      | Found Oshon's Distillery.
  2776 | D:5      | Bought a potion of might for 56 gold pieces
  2776 | D:5      | Bought a potion of heal wounds for 70 gold pieces
  2787 | D:4      | Noticed Edmund
  2796 | D:4      | Slain by Edmund

Illustrated notes

Levels and vault maps discovered:
D:1:      shiori_shiawase, layout_loops_ring, serial_shops, shop,
          minmay_hexomino_u4
D:2:      layout_basic, minmay_snake_closets, uniq_robin
D:3:      layout_loops_cross, mainiacjoe_overflow_surrounded_room,
          basic_ecumenical_altar, serial_bayou_lagoon_a, minmay_pentangle
D:4:      layout_loops_ring, uniq_edmund
D:5:      layout_basic, nicolae_overflow_hidden_temple,
          gammafunk_temple_overflow_pools, serial_shops, shop_fountains,
          chequers_jeans, minmay_mini_ossuary, uniq_ijyb

Skill      XL: |  1  2  3  4 |
---------------+-------------+-----
Armour         | 1 |  1.8
Fighting       | 3 |  3.8
Long Blades    | 4 |  4.5
Dodging        | 5 |  5.4
Throwing       | |  2.6

Action                   |  1- 3 |  4- 6 || total
-------------------------+-------+-------++-------
Melee: Double sword      |    53 |   105 ||   158
       Long sword        |     2 |       ||     2
       Tailslap          |       |     1 ||     1
Throw: Dart              |       |     1 ||     1
  Use: Scroll            |     1 |     8 ||     9
 Stab: Sleeping          |       |     2 ||     2
Armor: Leather armour    |    22 |    24 ||    46
Dodge: Dodged            |    63 |    71 ||   134

Table legend: (Time is in decaauts)
 A = Elapsed time spent in this place.
 B = Non-inter-level travel time spent in this place.
 C = Inter-level travel time spent in this place.
 D = Time resting spent in this place.
 E = Time spent auto-exploring this place.
 F = Levels seen in this place.
 G = Mean time per level.
                   A        B        C        D        E       F      G
               +--------+--------+--------+--------+--------+-----+--------+
         Total |   2844 |   2806 |     38 |   1037 |   1161 |   5 |  568.8 |
       Dungeon |   2844 |   2806 |     38 |   1037 |   1161 |   5 |  568.8 |
               +--------+--------+--------+--------+--------+-----+--------+

Top non-repeatable levels by time:
     D:1: 1232 daAuts
     D:2: 1031 daAuts
     D:3: 548 daAuts
     D:5: 22 daAuts
     D:4: 9 daAuts
